 Dungeon Crawl Stone Soup version 0.15-a0-90-g85a0ca6 (webtiles) character file.

57040 4tharraofdagon the Imperceptible (level 15, -12/97 HPs)
             Began as a Halfling Wanderer on Apr 7, 2014.
             Was an Elder of Dithmenos.
             Splashed with acid (20 damage)
             ... on Level 5 of the Pits of Slime on Apr 8, 2014.
             The game lasted 01:53:08 (12283 turns).

4tharraofdagon the Imperceptible (HaWn)            Turns: 12283, Time: 01:53:08

HP -12/97        AC  2     Str  8      XL: 15   Next: 19%
MP  25/25        EV 25     Int 15      God: Dithmenos [****..]
Gold 1371        SH 15     Dex 23      Spells:  3 memorised, 14 levels left

rFire  + . .     SeeInvis +     J - +4,-2 quick blade
rCold  . . .     Clarity  .     w - +0 troll leather armour
rNeg   . . .     Conserve .     t - +0 buckler
rPois  +         rCorr    .     p - +0 helmet of Hyergh {rF+}
rElec  .         rRot     .     D - -3 cloak {rPois}
SustAb . .       Spirit   .     o - -2 pair of gloves
rMut   .         Warding  .     L - -2 pair of boots
Saprov . . .     Stasis   .     (no amulet)
MR     +....                    O - +2 ring of dexterity
                                G - +6 ring of evasion

@: wreathed by umbra, somewhat resistant to hostile enchantments, uncannily
stealthy
A: see invisible, mutation resistance 1, screaming 1, slow metabolism 1
a: Shadow Step, Renounce Religion


You were on level 5 of the Pits of Slime.
You worshipped Dithmenos.
Dithmenos was greatly pleased with you.
You were not hungry.

You visited 4 branches of the dungeon, and saw 29 of its levels.
You also visited: Ossuary, Bailey and Ice Cave.

You collected 1469 gold pieces.
You spent 98 gold pieces at shops.

Inventory:

Hand weapons
 k - the +7 blowgun "Rimenuhu" {speed, SInv}
   (You found it on level 6 of the Lair of Beasts)

   Attacks with this weapon are significantly faster.
   It enhances your eyesight.
 y - a +1,+2 short sword of holy wrath
 J - a +4,-2 quick blade (weapon)
 X - a +0,+1 dagger of chaos
Missiles
 g - 2 throwing nets (quivered)
 s - 10 darts of frost
Armour
 o - a -2 pair of gloves (worn)
 p - the +0 helmet of Hyergh (worn) {rF+}
   (You found it on level 12 of the Dungeon)

   It protects you from fire.
 t - a +0 buckler (worn)
 w - a +0 troll leather armour (worn)
 D - a -3 cloak of poison resistance (worn)
 L - a -2 pair of boots (worn)
Magical devices
 e - a wand of digging (11)
 K - a wand of disintegration (11)
 V - a wand of disintegration (7)
Comestibles
 c - 5 bread rations
Scrolls
 b - a scroll of magic mapping
 d - 4 scrolls of fog
 l - 2 scrolls of torment
 m - 7 scrolls of remove curse
 Q - a scroll of amnesia
 R - a scroll of identify
Jewellery
 a - an uncursed amulet of stasis
 B - an uncursed ring of magical power
 C - an uncursed ring of fire
 F - an uncursed amulet of clarity
 G - a +6 ring of evasion (left hand)
 I - an uncursed ring of ice
 N - a +3 ring of evasion
 O - a +2 ring of dexterity (right hand)
 W - an uncursed amulet of guardian spirit
Potions
 f - 3 potions of resistance
 h - 2 potions of cure mutation
 i - a potion of brilliance
 q - 6 potions of curing
 v - a potion of restore abilities
 H - 2 potions of magic
Books
 n - a book of Enchantments

   Spells                             Type                      Level
   Cause Fear                         Hexes                        4
   Silence                            Hexes/Air                    5
   Tukima's Dance                     Hexes                        5
   Deflect Missiles                   Charms/Air                   6
   Haste                              Charms                       6
   Discord                            Hexes                        8
 M - a book of Wizardry

   Spells                             Type                      Level
   Summon Elemental                   Summoning                    4
   Agony                              Necromancy                   5
   Force Lance                        Conjuration                  5
   Haste                              Charms                       6
   Invisibility                       Hexes                        6
   Spellforged Servitor               Conjuration/Summoning        7


   Skills:
 - Level 7.0 Fighting
 * Level 16.0 Short Blades
   Level 4.0 Slings
 + Level 3.1 Armour
 - Level 7.3 Dodging
 + Level 22.1 Stealth
 - Level 4.1 Shields
 - Level 2.2 Spellcasting
 - Level 5.3 Translocations
 + Level 6.9 Invocations
 - Level 3.0 Evocations


You had 14 spell levels left.
You knew the following spells:

 Your Spells              Type           Power        Failure   Level  Hunger
a - Apportation           Tloc           ###.......   3%          1    #......
b - Blink                 Tloc           N/A          6%          2    ###....
c - Summon Butterflies    Summ           #.......     24%         1    #......


Dungeon Overview and Level Annotations

Branches:
Dungeon (14/15)            Temple (1/1) D:6             Orc (0/4) D:10
   Lair (8/8) D:9          Shoals (0/5) Lair:3        Snake (0/5) Lair:4
  Slime (6/6) Lair:6       Vaults (0/5) D:13

Altars:
Ashenzari
Cheibriados
Dithmenos
Fedhas
Kikubaaqudgha
Okawaru
Sif Muna
Trog
Vehumet
Xom
Yredelemnul
Zin
Jiyva

Shops:
D:6 (   D:14 [[?

Annotations:
D:5 Menkaure
D:9 exclusion: ice statue
Lair:8 confidenceinterval's ghost, powerful GrCK
Slime:3 Dissolution
Slime:6 Royal Jelly


Innate Abilities, Weirdness & Mutations

You are small and have problems with some larger weapons.
You are somewhat resistant to further mutation.
You have a slow metabolism.
You have supernaturally acute eyesight.
You occasionally shout uncontrollably.


Message History

The eye of draining stares at you.
Unknown command.
Unknown command.
A slime creature comes into view.
The eye of draining stares at you.
A slime creature comes into view.
Unknown command.
Drink which item? (? for menu, Esc to quit)
Magic courses through your body. The brown ooze completely misses you.
You block the brown ooze's attack. The wall burns you!
The brown ooze completely misses you. The brown ooze barely misses you.
The wall burns you! The brown ooze completely misses you. The wall burns you!
The wall burns you!
* * * LOW HITPOINT WARNING * * *
The walls burn you!
* * * LOW HITPOINT WARNING * * *
The walls burn you!
You die...

##..................#
#...................#.G..
##....#...............J.J.
#...#.#.#..........#.#.J..
##....#............### J.
#.........#.......##
##................#
##....#..###..#...#
#.........@.JJG...#
#.........#.J......#
##............#.....#
##.........#.#.#....#
##.#.....#......#..J.....
#.......#...........#...J
#......................J.
##.#..#..#.......#..###.
##......................


You could see a slime creature, 2 brown oozes and an eye of draining.

Vanquished Creatures
  4 acid blobs
  An azure jelly (Slime:5)
  Maud (Lair:6)
  A great orb of eyes (Slime:6)
  3 hydras
  10 death yaks (Lair:8)
  A centaur warrior (D:14)
  4 catoblepae
  A wizard (D:13)
  An unseen horror (D:10)
  Erolcha (D:12)
  A hill giant (D:13)
  Joseph (D:7)
  The ghost of 4tharraofdagon the Chopper, an experienced DsBe of Trog (D:11)
  A necromancer (D:13)
  6 elephants (Lair:7)
  2 orc knights (Bailey)
  Maurice (D:11)
  A black mamba (Lair:4)
  A feature mimic (D:12)
  Psyche (D:11)
  8 spiny frogs
  3 fire drakes
  2 komodo dragons
  3 wandering mushrooms (Lair:7)
  A polar bear (D:13)
  A centaur skeleton (D:11)
  A troll (D:14)
  7 blink frogs
  A raven (D:14)
  A raven (shapeshifter) (D:14)
  8 slime creatures
  5 brown oozes
  A grizzly bear (Lair:6)
  2 vampires
  2 deep elf magi
  A trapdoor spider (D:13)
  4 sharks
  A hungry ghost (D:9)
  A fire bat (Lair:8)
  A hill giant zombie (D:11)
  5 ugly things
  2 wraiths
  16 yaks
  6 vampire mosquitoes
  3 hippogriffs
  13 wolves
  A soldier ant (D:13)
  9 water moccasins
  7 necrophages (Lair:6)
  A mottled dragon (D:11)
  7 ice beasts
  6 porcupines
  8 orc warriors
  A giant goldfish (Lair:3)
  10 crocodiles
  A sky beast (D:8)
  A yellow wasp (D:13)
  3 ogres
  8 centaurs
  Sigmund (D:7)
  A big kobold (D:7)
  8 giant slugs
  Blork the orc (D:7)
  A brain worm (Lair:8)
  12 killer bees
  9 giant frogs
  An eye of draining (D:12)
  3 scorpions
  A crimson imp (D:10)
  9 jellies
  A centaur zombie (Ossuary)
  A quasit (D:9)
  2 goliath beetles (D:14)
  12 hounds
  12 orc wizards
  5 orc priests
  2 big fish
  3 iguanas
  11 worker ants
  10 sheep
  2 big kobold zombies (Ossuary)
  Ijyb (D:3)
  An ogre skeleton (D:10)
  A sky beast zombie (D:10)
  A big kobold skeleton (D:11)
  A mottled dragon skeleton (D:11)
  4 mummies
  A hound zombie (D:7)
  8 adders
  42 green rats
  4 gnolls
  2 giant mites
  An orc skeleton (D:12)
  A white imp (D:13)
  A worm (D:6)
  A giant eyeball (Slime:6)
  5 oozes
  65 orcs
  A bat skeleton (D:4)
  3 giant cockroaches
  2 gnoll zombies (Ossuary)
  15 goblins
  13 hobgoblins
  8 quokkas
  A ball python (D:2)
  16 bats
  4 giant geckos
  2 giant newts
  A giant spore (D:6)
  2 goblin zombies
  3 hobgoblin zombies
  16 jackals
  18 kobolds
  7 orc zombies
  16 rats
  A ballistomycete (D:6)
583 creatures vanquished.

Vanquished Creatures (collateral kills)
  A vampire mosquito (D:12)
  A centaur (D:12)
  A goblin (Bailey)
3 creatures vanquished.

Vanquished Creatures (others)
  A death yak (Lair:8)
  A troll (D:13)
  An adder (D:6)
  An orc (D:13)
  5 fungi
9 creatures vanquished.

Grand Total: 595 creatures vanquished

Notes
Turn   | Place    | Note
--------------------------------------------------------------
     0 | D:1      | 4tharraofdagon, the Halfling Wanderer, began the quest for the Orb.
     0 | D:1      | Reached XP level 1. HP: 18/18 MP: 1/1
     0 | D:1      | FRODO MODE = ON
    97 | D:1      | Reached XP level 2. HP: 24/24 MP: 2/2
   236 | D:2      | Reached XP level 3. HP: 19/29 MP: 3/3
   629 | D:2      | Reached XP level 4. HP: 16/35 MP: 4/4
   770 | D:3      | Noticed Ijyb
   780 | D:3      | Killed Ijyb
   906 | D:2      | Found an ancient bone altar of Kikubaaqudgha.
  1059 | D:4      | Reached XP level 5. HP: 26/41 MP: 5/5
  1331 | D:4      | Reached skill level 1 in Slings
  1370 | D:5      | Entered Level 5 of the Dungeon
  1370 | D:5      | Noticed a sky beast
  1394 | D:5      | there you are
  1401 | D:5      | my precious
  1406 | D:5      | Noticed Menkaure
  1406 | D:5      | Noticed an ogre
  1412 | D:6      | Noticed a black bear
  1448 | D:6      | Found Zides' Weapon Shop.
  1456 | D:6      | Reached XP level 6. HP: 28/46 MP: 6/6
  1613 | D:6      | Noticed a centaur
  1648 | D:6      | Killed a centaur
  1648 | D:6      | Reached skill level 1 in Shields
  1698 | D:6      | Found a staircase to the Ecumenical Temple.
  1706 | Temple   | Entered the Ecumenical Temple
  1759 | Temple   | Became a worshipper of Dithmenos the Shadowed
  1764 | Temple   | Lead me to Mordor
  1880 | D:6      | Reached skill level 5 in Stealth
  1880 | D:6      | Reached XP level 7. HP: 31/51 MP: 8/8
  1938 | D:6      | Killed an ogre
  1938 | D:6      | Reached skill level 6 in Fighting
  1946 | D:6      | Noticed a centaur
  1977 | D:6      | Killed a centaur
  1977 | D:6      | Reached skill level 5 in Short Blades
  2002 | D:6      | HP: 2/52 [acid (13)]
  2109 | D:7      | Noticed Sigmund
  2124 | D:7      | Found a sand-covered staircase.
  2126 | D:7      | Reached XP level 8. HP: 41/57 MP: 9/9
  2130 | Ossuary  | Entered an ossuary
  2418 | D:7      | Killed Sigmund
  2632 | D:7      | Reached skill level 7 in Stealth
  2731 | D:6      | Noticed a centaur
  2733 | D:6      | Killed a centaur
  2733 | D:6      | Acquired Dithmenos' first power
  2733 | D:6      | Reached skill level 5 in Dodging
  2805 | D:7      | Noticed Blork the orc
  2821 | D:7      | Killed Blork the orc
  2912 | D:7      | Reached skill level 8 in Stealth
  2912 | D:7      | Reached XP level 9. HP: 23/63 MP: 10/10
  3042 | D:7      | Noticed Joseph
  3049 | D:7      | Killed Joseph
  3199 | D:8      | Reached skill level 9 in Stealth
  3444 | D:8      | Found a flagged portal.
  3462 | Bailey   | Entered a bailey
  3483 | Bailey   | Acquired Dithmenos' second power
  3494 | Bailey   | Noticed an orc knight
  3494 | Bailey   | Noticed an orc knight
  3494 | Bailey   | Noticed an orc knight
  3541 | Bailey   | Killed an orc knight
  3588 | Bailey   | Killed an orc knight
  3588 | Bailey   | Reached skill level 10 in Stealth
  3588 | Bailey   | Reached XP level 10. HP: 47/71 MP: 11/11
  3840 | D:9      | Reached skill level 11 in Stealth
  3849 | D:9      | Found a staircase to the Lair.
  3945 | Lair:1   | Entered Level 1 of the Lair of Beasts
  3949 | Lair:1   | Noticed a spiny frog
  3979 | Lair:1   | Killed a spiny frog
  3979 | Lair:1   | Reached skill level 10 in Short Blades
  4286 | D:9      | Noticed an ice statue
  4302 | D:10     | Entered Level 10 of the Dungeon
  4407 | D:10     | Gained mutation: You have supernaturally acute eyesight. [potion of beneficial mutation]
  4409 | D:10     | Noticed an unseen horror
  4438 | D:10     | Reached skill level 1 in Evocations
  4585 | D:11     | Reached skill level 12 in Stealth
  4667 | D:10     | Killed an unseen horror
  4667 | D:10     | Reached XP level 11. HP: 70/75 MP: 13/16
  4704 | D:10     | Acquired Dithmenos' third power
  4716 | D:10     | Found a staircase to the Orcish Mines.
  4816 | D:10     | Reached skill level 13 in Stealth
  4927 | D:11     | Noticed Psyche
  4931 | D:11     | Killed Psyche
  5053 | D:11     | Reached skill level 14 in Stealth
  5232 | D:12     | Found a staircase to the Orcish Mines.
  5287 | D:12     | the staircase to the Orcish Mines was a mimic.
  5370 | D:12     | Noticed Erolcha
  5373 | D:12     | Killed Erolcha
  5439 | D:12     | Got a faintly humming helmet
  5451 | D:12     | Identified the +0 helmet of Hyergh {rF+} (You found it on level 12 of the Dungeon)
  5482 | D:12     | Reached skill level 15 in Stealth
  5515 | D:12     | Acquired Dithmenos' fourth power
  5703 | D:13     | Found a blossoming altar of Fedhas.
  5721 | D:13     | Noticed a seven-headed hydra
  5774 | D:12     | Reached skill level 16 in Stealth
  5926 | D:14     | Found Xiab's Magic Scroll Shop.
  5930 | D:14     | Noticed a manticore
  5940 | D:14     | Bought a scroll of identify for 28 gold pieces
  5940 | D:14     | Bought a scroll of identify for 28 gold pieces
  5940 | D:14     | Bought a scroll of teleportation for 42 gold pieces
  5944 | D:14     | Noticed a hill giant
  5952 | D:13     | Found a frozen archway.
  5952 | D:13     | Noticed a seven-headed hydra
  5961 | IceCv    | Entered an ice cave
  5993 | D:13     | Noticed a hill giant
  5993 | D:13     | Noticed a wizard
  6017 | D:13     | Noticed a necromancer
  6018 | D:13     | Found a gate to the Vaults.
  6025 | D:13     | Killed a wizard
  6029 | D:13     | Killed a necromancer
  6029 | D:13     | Reached skill level 17 in Stealth
  6029 | D:13     | Reached XP level 12. HP: 81/81 MP: 18/18
  6299 | D:11     | Noticed 4tharraofdagon's ghost (experienced DsBe)
  6332 | D:11     | Noticed Maurice
  6336 | D:11     | Killed Maurice
  6529 | Lair:1   | Reached skill level 18 in Stealth
  7038 | Lair:2   | Reached skill level 19 in Stealth
  7281 | Lair:3   | Found a radiant altar of Vehumet.
  7297 | Lair:3   | Learned a level 1 spell: Apportation
  7300 | Lair:3   | Learned a level 2 spell: Blink
  7302 | Lair:3   | Learned a level 1 spell: Summon Butterflies
  7310 | Lair:3   | Found a staircase to the Shoals.
  7332 | Lair:3   | Reached skill level 1 in Translocations
  7553 | Lair:4   | Found a staircase to the Snake Pit.
  7565 | Lair:4   | Noticed a seven-headed hydra
  7577 | Lair:5   | Noticed a five-headed hydra
  7582 | Lair:5   | Killed a six-headed hydra
  7582 | Lair:5   | Reached skill level 1 in Spellcasting
  7658 | Lair:5   | Identified a scroll of acquirement
  7711 | Lair:5   | Reached XP level 13. HP: 86/86 MP: 18/18
  7880 | Lair:6   | Noticed Maud
  8167 | Lair:6   | Killed Maud
  8167 | Lair:6   | Reached skill level 20 in Stealth
  8167 | Lair:6   | Reached skill level 5 in Translocations
  8285 | Lair:6   | Found a staircase to the Slime Pits.
  8438 | Lair:6   | Got a bloodstained blowgun
  8439 | Lair:6   | Identified the +7 blowgun "Rimenuhu" {speed, SInv} (You found it on level 6 of the Lair of Beasts)
  9104 | Lair:8   | Entered Level 8 of the Lair of Beasts
  9113 | Lair:8   | Noticed confidenceinterval's ghost (powerful GrCK)
  9254 | Lair:8   | Reached skill level 21 in Stealth
  9289 | Lair:8   | Reached XP level 14. HP: 82/92 MP: 15/20
  9379 | Lair:8   | Noticed a storm dragon
  9379 | Lair:8   | a death yak changed into a storm dragon
  9381 | Lair:8   | w
 10059 | Lair:4   | Killed a seven-headed hydra
 10321 | Lair:3   | Noticed a catoblepas
 10325 | Lair:3   | Killed a catoblepas
 10325 | Lair:3   | Reached skill level 5 in Invocations
 10563 | D:11     | You fall through a shaft!
 10563 | D:14     | Noticed a centaur warrior
 10609 | D:14     | Killed a centaur warrior
 10747 | D:14     | Found Yzeur's Antique Armour Boutique.
 10753 | D:14     | Found Shunocs' Antique Armour Shop.
 10804 | D:14     | Noticed a centaur warrior
 10807 | D:14     | Noticed a deep elf knight
 10893 | D:14     | Noticed a tengu warrior
 10952 | D:13     | Reached skill level 1 in Armour
 10969 | D:13     | Killed a seven-headed hydra
 11036 | D:13     | Killed a hill giant
 11036 | D:13     | Reached skill level 15 in Short Blades
 11465 | D:11     | Killed 4tharraofdagon's ghost
 11723 | Slime:1  | Entered Level 1 of the Pits of Slime
 11732 | Slime:1  | Noticed an acid blob
 11737 | Slime:2  | Noticed an acid blob
 11741 | Slime:3  | Noticed Dissolution
 11741 | Slime:3  | Noticed an azure jelly
 11742 | Slime:3  | Noticed an azure jelly
 11755 | Slime:4  | Noticed an acid blob
 11755 | Slime:4  | Noticed an acid blob
 11766 | Slime:5  | Noticed an azure jelly
 11766 | Slime:5  | Noticed an acid blob
 11772 | Slime:5  | Killed an azure jelly
 11776 | Slime:5  | HP: 3/92 [acid blob/splash of acid (10)]
 11782 | Slime:6  | Entered Level 6 of the Pits of Slime
 11782 | Slime:6  | Noticed an acid blob
 11871 | Slime:6  | Noticed an acid blob
 11881 | Slime:6  | Killed an acid blob
 11888 | Slime:6  | Found a viscous altar of Jiyva.
 11891 | Slime:6  | Noticed the royal jelly
 11892 | Slime:6  | Noticed an azure jelly
 11906 | Slime:6  | Paralysed by a great orb of eyes for 4 turns
 11923 | Slime:6  | Paralysed by a great orb of eyes for 4 turns
 12069 | Slime:6  | Noticed an acid blob
 12071 | Slime:6  | Killed an acid blob
 12071 | Slime:6  | Reached skill level 22 in Stealth
 12071 | Slime:6  | Reached XP level 15. HP: 52/97 MP: 20/25
 12081 | Slime:6  | Noticed an acid blob
 12147 | Slime:6  | Gained mutation: You occasionally shout uncontrollably. [a shining eye]
 12204 | Slime:5  | Noticed an acid blob
 12208 | Slime:5  | Killed an acid blob
 12261 | Slime:5  | Noticed an acid blob
 12266 | Slime:5  | Killed an acid blob
 12283 | Slime:5  | Splashed with acid

Action                   |  1- 3 |  4- 6 |  7- 9 | 10-12 | 13-15 || total
-------------------------+-------+-------+-------+-------+-------++-------
Melee: Short sword       |    59 |    67 |   133 |   932 |       ||  1191
       Dagger            |       |   205 |   442 |     1 |   140 ||   788
       Quick blade       |       |       |       |     8 |  1355 ||  1363
 Fire: Sling             |       |     8 |       |       |       ||     8
Throw: Dart              |       |     1 |     9 |     3 |       ||    13
 Cast: Apportation       |       |       |       |       |     8 ||     8
Invok: Shadow Step       |       |       |       |     6 |    18 ||    24
Evoke: Wand              |       |     1 |    15 |    13 |    31 ||    60
  Use: Scroll            |       |     1 |    10 |    18 |    15 ||    44
       Potion            |       |     1 |     2 |     8 |    13 ||    24
 Stab: Sleeping          |     2 |     1 |    14 |    90 |    98 ||   205
       Distracted        |       |     1 |       |     5 |     9 ||    15
       Confused          |       |       |     5 |       |     3 ||     8
       Invisible         |       |       |       |     2 |       ||     2
       Petrifying        |       |       |       |       |     2 ||     2
       Paralysed         |       |       |       |       |     2 ||     2
